 Dungeon Crawl Stone Soup version 0.28-a0-1524-ge72afd5fc6 (webtiles) character file.

Game seed: 3732776232185288395

372 murtidash the Skirmisher (level 6, -7/57 HPs)
             Began as a Hill Orc Delver on Jan 17, 2022.
             Was a Follower of Okawaru.
             Mangled by Edmund (14 damage)
             ... on level 4 of the Dungeon.
             The game lasted 00:07:43 (4130 turns).

murtidash the Skirmisher (Hill Orc Delver)          Turns: 4130, Time: 00:07:44

Health: -7/57      AC:  9    Str: 12    XL:     6   Next: 71%
Magic:  6/6        EV: 10    Int: 10    God:    Okawaru [*.....]
Gold:   127        SH:  5    Dex: 12    Spells: 5/5 levels left

rFire   . . .      SeeInvis .   a - +0 war axe
rCold   + . .      Faith    .   (no shield)
rNeg    + + .      Spirit   .   h - +2 ring mail of Ajen {Rampage rC+ rN+ Str-5}
rPois   .          Reflect  +   j - +0 helmet
rElec   .          Harm     .   (no cloak)
rCorr   .          Rampage  +   (no gloves)
Will    .....                   (no boots)
Stlth   ++........              i - amulet of reflection
HPRegen 0.19/turn               m - ring of positive energy {rN+}
MPRegen 0.10/turn               (no ring)

@: invisible
A: no striking features
a: Renounce Religion, Heroism


You were on level 4 of the Dungeon.
You worshipped Okawaru.
Okawaru was aware of your devotion.
You visited 2 branches of the dungeon, and saw 6 of its levels.

You collected 177 gold pieces.
You spent 50 gold pieces at shops.

Inventory:

Hand Weapons
 a - a +0 war axe (weapon)
   (You found it on level 1 of the Dungeon)
 b - a +2 antimagic long sword
   (You found it on level 4 of the Dungeon)
 u - a +0 hand axe
Armour
 h - the +2 ring mail of Ajen (worn) {Rampage rC+ rN+ Str-5}
   (You found it on level 5 of the Dungeon)

   Str:       It affects your strength (-5).
   rC:        It protects you from cold.
   rN:        It protects you from negative energy.
   Rampage:   It bestows one free step when moving towards enemies.
 j - a +0 helmet (worn)
   (You found it on level 1 of the Dungeon)
 o - a +0 leather armour
Jewellery
 i - an amulet of reflection (around neck)
   (You found it on level 5 of the Dungeon)
 m - a ring of positive energy (left hand) {rN+}
   (You found it on level 1 of the Dungeon)
Wands
 g - a wand of digging (3)
Scrolls
 c - a scroll of fog
 d - a scroll of magic mapping {!r}
 e - a scroll of fear
 f - a scroll of identify {@r1}
 k - a scroll of vulnerability {unknown}
 l - 2 scrolls of teleportation
 n - a scroll of amnesia {unknown}
 r - a scroll of enchant weapon {unknown}
Potions
 q - a potion of attraction {!q}


   Skills:
 + Level 5.8 Fighting
 + Level 5.6 Axes
 + Level 3.9 Armour
 - Level 1.5 Dodging
 - Level 4.1 Stealth


You had 5 spell levels left.
You didn't know any spells.
Your spell library was empty.

Dungeon Overview and Level Annotations

Branches:
Dungeon (5/15)             Temple (1/1) D:4

Altars:
Ashenzari
Cheibriados
Dithmenos
Fedhas
Gozag
Hepliaklqana
Kikubaaqudgha
Makhleb
Nemelex Xobeh
Okawaru
Qazlal
Ru
Sif Muna
Trog
Vehumet
Wu Jian
Xom
Yredelemnul
Zin
The Shining One

Shops:
D:2 !

Annotations:
D:4 Edmund
D:5 Eustachio


Message History

A magic dart appears from out of thin air!
The magic dart hits you!
You take 7 damage, and have 25/57 hp.
You completely miss something. Something hits you but does no damage.
You bump into the rock wall.
You hear some strange, mumbled words.
A puff of flame appears from out of thin air!
The puff of flame hits you.
You take 2 damage, and have 23/57 hp.
You barely miss something. Something hits you but does no damage.
You bump into the rock wall.
You hear some strange, mumbled words.
You are more confused.
You're too confused to move!
Something hits you but does no damage.
You bump into the rock wall.
Something hits you but does no damage.
You bump into the rock wall.
Something hits you but does no damage.
You bump into the rock wall.
Something hits you but does no damage.
Edmund shouts!
It was a potion of cancellation.
Your magical effects are unravelling.
You feel magically purged.
You feel less confused.
You hear some strange, mumbled words.
Something tries to affect you, but you resist.
You feel much better. Something hits you. You block Edmund's attack.
You regained 18 hp, and now have 43/57 hp.
You barely miss Edmund. You barely miss something.
You block something's attack.
Edmund hits you with a +3 dire flail of holy wrath!
You take 11 damage, and have 32/57 hp.
You hit Edmund. You closely miss something.
Something hits you but does no damage. You block Edmund's attack.
Something hits you but does no damage.
You slash Edmund! You miss something. Edmund hits you but does no damage.
Something hits you but does no damage.
Edmund hits you with a +3 dire flail of holy wrath.
You take 1 damage, and have 32/57 hp.
You closely miss Edmund. You barely miss something.
You hear some strange, mumbled words.
A magic dart appears from out of thin air!
The magic dart hits you.
Edmund hits you with a +3 dire flail of holy wrath.
You take 8 damage, and have 24/57 hp.
You barely miss Edmund. You barely miss something.
Something hits you but does no damage.
Edmund clears his throat.
Edmund misses you.
You slash Edmund! You barely miss something.
Something hits you but does no damage. Edmund barely misses you.
You closely miss Edmund. You miss something.
Something hits you but does no damage.
Edmund hits you with a +3 dire flail of holy wrath.
You hear some strange, mumbled words.
Something tries to affect you, but you resist.
You take 1 damage, and have 24/57 hp.
You hit Edmund but do no damage. You barely miss something.
Edmund hits you with a +3 dire flail of holy wrath!
* * * LOW HITPOINT WARNING * * *
Something hits you but does no damage. Edmund closely misses you.
You take 7 damage, and have 17/57 hp.
You hit Edmund. You hit something. Something hits you.
* * * LOW HITPOINT WARNING * * *
Edmund hits you but does no damage.
You take 1 damage, and have 16/57 hp.
You hit Edmund but do no damage. You hit something.
You block something's attack. Edmund closely misses you.
Okay, then.
Unknown command.
You hit Edmund but do no damage. You miss something. Something hits you.
* * * LOW HITPOINT WARNING * * *
Edmund closely misses you.
You take 2 damage, and have 15/57 hp.
You hit Edmund but do no damage. You closely miss something.
You hear some strange, mumbled words.
Something tries to affect you, but you resist.
Edmund closely misses you. Something hits you.
* * * LOW HITPOINT WARNING * * *
You take 1 damage, and have 14/57 hp.
You hit Edmund but do no damage. You closely miss something.
Edmund closely misses you. Something hits you but does no damage.
Edmund drinks a potion.
Edmund is healed!
You hit Edmund. You miss something. Something completely misses you.
Edmund closely misses you.
You closely miss Edmund. You completely miss something.
Something hits you but does no damage. Edmund closely misses you.
You closely miss Edmund. You closely miss something.
Something hits you but does no damage.
Edmund drinks a potion.
Edmund is healed!
Something hits you but does no damage.
It was a potion of invisibility.
You fade into invisibility!
Edmund closely misses you. Something hits you.
* * * LOW HITPOINT WARNING * * *
You take 2 damage, and have 13/57 hp.
You slash Edmund! You slash something! Edmund barely misses you.
You hear some strange, mumbled words.
A magic dart appears from out of thin air!
The magic dart hits you.
* * * LOW HITPOINT WARNING * * *
Edmund hits you with a +3 dire flail of holy wrath!
You die...

.........# #....
.......... #.### .
.........## #....
......###.#####.####.##.
...#.###.....#.........
###.#.. ...##.######.#..
.......###.#............
........{..........#....
.......@#))..).....#....
(......@########...#..#.
....###.. ..............
##. .....###.....#...# #
####. #.....###.# .#
###...# .# # #...# .
#...# .# #...#


You could see Edmund.

Vanquished Creatures
  Grinder (D:4)
  An orc wizard (D:4)
  6 adders
  3 worms (D:2)
  2 dart slugs (D:1)
  3 orcs (D:4)
  6 ball pythons
  6 endoplasms
  15 goblins
  6 hobgoblins
  7 jackals
  7 kobolds
  2 quokkas
  3 bats (D:2)
  A frilled lizard (D:3)
  6 rats
75 creatures vanquished.

Vanquished Creatures (others)
  19 plants
19 creatures vanquished.

Grand Total: 94 creatures vanquished

Notes
Turn   | Place    | Note
-------+----------+-------------------------------------------
     0 | D:5      | murtidash the Hill Orc Delver began the quest for the Orb.
     0 | D:5      | Reached XP level 1. HP: 19/19 MP: 1/1
     3 | D:5      | Identified the +2 ring mail of Ajen {Rampage rC+ rN+ Str-5}
    16 | D:5      | Noticed Eustachio
    18 | D:5      | Noticed a crimson imp
   181 | D:4      | Noticed a crimson imp
   338 | D:4      | Noticed a wight
   374 | D:4      | Found a staircase to the Ecumenical Temple.
   382 | D:4      | Noticed a wight
   384 | Temple   | Entered the Ecumenical Temple
   589 | Temple   | Became a worshipper of Warmaster Okawaru
   599 | D:4      | Noticed a wight
  1161 | D:1      | Reached skill level 3 in Axes
  1161 | D:1      | Reached XP level 2. HP: 27/27 MP: 2/2
  1190 | D:1      | Reached skill level 1 in Armour
  1198 | D:1      | Reached skill level 4 in Fighting
  1443 | D:1      | Reached XP level 3. HP: 29/33 MP: 3/3
  1931 | D:2      | Found Qecso's Distillery.
  2018 | D:2      | Bought a potion of heal wounds for 50 gold pieces
  2059 | D:2      | Reached skill level 2 in Armour
  2297 | D:2      | Reached XP level 4. HP: 41/41 MP: 4/4
  2417 | D:2      | Reached skill level 4 in Axes
  2960 | D:3      | Reached * piety under Okawaru
  3065 | D:3      | Found a hazy altar of Hepliaklqana.
  3073 | D:3      | Reached XP level 5. HP: 47/47 MP: 5/5
  3174 | D:3      | Reached skill level 5 in Fighting
  3518 | D:3      | Found a faded altar of an unknown god.
  3562 | D:4      | Noticed Edmund
  3653 | D:4      | Noticed Grinder
  3668 | D:4      | Paralysed by Grinder for 7 turns
  3721 | D:4      | Paralysed by Grinder for 5 turns
  3888 | D:4      | Killed Grinder
  3889 | D:4      | Reached skill level 5 in Axes
  3889 | D:4      | Reached skill level 3 in Armour
  3889 | D:4      | Reached XP level 6. HP: 39/57 MP: 2/6
  4130 | D:4      | HP: 7/57 [something/magic dart (6)]
  4130 | D:4      | Mangled by Edmund

Illustrated notes

Levels and vault maps discovered:
D:1:      minmay_arrival_jagged, layout_rooms, nrook_loot_triangle,
          serial_bayou_ford_a, st_stairs_2
D:2:      layout_loops_ring, serial_shops, shop_fountains,
          minmay_split_cup_large
D:3:      layout_loops_ring, nicolae_hepliaklqana_hazy_memory,
          dilly_ecumenical_altar_fadedgnrine
D:4:      layout_basic, minmay_temple_entry_waves, uniq_edmund, uniq_grinder
D:5:      layout_rooms, nicolae_uskayaw_en_pointe, serial_shops, shop,
          uniq_eustachio
Temple:   mainiacjoe_temple_bowtie_tessellation

Skill      XL: |  1  2  3  4  5 |
---------------+----------------+-----
Axes           | 3 4 5 |  5.6
Armour         | 1 2 3 |  3.9
Fighting       | 4 5 |  5.8
Dodging        | |  1.5
Stealth        | |  4.1

Action                   |  1- 3 |  4- 6 || total
-------------------------+-------+-------++-------
Melee: Hand axe          |   154 |   142 ||   296
       Punch             |     1 |     2 ||     3
       Long sword        |       |    23 ||    23
       War axe           |       |    45 ||    45
  Use: Potion            |     1 |     4 ||     5
       Scroll            |       |     2 ||     2
 Stab: Sleeping          |     3 |     6 ||     9
Armor: Ring mail         |    68 |    91 ||   159
Dodge: Dodged            |    79 |    88 ||   167
Block: Other             |    12 |    45 ||    57

Table legend: (Time is in decaauts)
 A = Elapsed time spent in this place.
 B = Non-inter-level travel time spent in this place.
 C = Inter-level travel time spent in this place.
 D = Time resting spent in this place.
 E = Time spent auto-exploring this place.
 F = Levels seen in this place.
 G = Mean time per level.
                   A        B        C        D        E       F      G
               +--------+--------+--------+--------+--------+-----+--------+
         Total |   4178 |   3947 |    231 |    278 |   2720 |   6 |  696.3 |
       Dungeon |   3964 |   3754 |    210 |    278 |   2540 |   5 |  792.8 |
        Temple |    214 |    193 |     21 |      0 |    180 |   1 |  214.0 |
               +--------+--------+--------+--------+--------+-----+--------+

Top non-repeatable levels by time:
     D:2: 1214 daAuts
     D:1: 1028 daAuts
     D:3: 1003 daAuts
     D:4: 556 daAuts
  Temple: 214 daAuts
     D:5: 161 daAuts

Table legend:
 A = Kills in this place as a percentage of kills in entire the game.
 B = Kills by you in this place as a percentage of kills by you in the entire game.
 C = Kills by friends in this place as a percentage of kills by friends in the entire game.
 D = Other kills in this place as a percentage of other kills in the entire game.
 E = Experience gained in this place as a percentage of experience gained in the entire game.
 F = Experience gained in this place divided by the number of levels of this place that you have seen.
                   A       B       C       D       E      F
               +-------+-------+-------+-------+-------+----------------------
         Total | 100.0 | 100.0 |   N/A |   N/A | 100.0 |  88.7
       Dungeon | 100.0 | 100.0 |   N/A |   N/A | 100.0 | 106.4
               +-------+-------+-------+-------+-------+----------------------
